 Dungeon Crawl Stone Soup version 0.30.0-29-ga12c61a403 (webtiles) character file.

Game seed: 4259880221295927215

2269 Arctor the Caller (level 9, -8/52 HPs)
             Began as a Gargoyle Conjurer on June 23, 2023.
             Was a Follower of Vehumet.
             Mangled by a troll (16 damage)
             ... on level 8 of the Dungeon.
             The game lasted 00:17:18 (8595 turns).

Arctor the Caller (Gargoyle Conjurer)               Turns: 8595, Time: 00:17:19

Health: -8/52      AC:  9    Str: 10    XL:     9   Next: 38%
Magic:  14/14      EV: 12    Int: 27    God:    Vehumet [*.....]
Gold:   429        SH:  0    Dex:  8    Spells: 5/15 levels left

rFire   . . .        f - +1 short sword (venom)
rCold   . . .        (no shield)
rNeg    + . .        a - +0 robe
rPois   ∞            y - +0 hat {Int+3}
rElec   +            j - +0 cloak
rCorr   +            (no gloves)
SInv    .            (no boots)
Will    +....        w - amulet of magic regeneration
Stlth   ++           r - ring of resist corrosion
HPRegen 0.28/turn    u - ring of willpower
MPRegen 0.54/turn

%: no passive effects
@: flying, hasted, very quick
A: sickness immunity, AC +6, negative energy resistance 1, electricity
resistance, torment resistance 1, petrification resistance, big wings, horns 1
a: Renounce Religion


You were on level 8 of the Dungeon.
You worshipped Vehumet.
Vehumet was aware of your devotion.
You visited 2 branches of the dungeon, and saw 10 of its levels.

You collected 429 gold pieces.

Inventory:

Hand Weapons
 c - a +0 dagger
 f - a +1 short sword of venom (weapon)
Missiles
 k - a throwing net
 o - a boomerang
 p - 8 curare-tipped darts
Armour
 a - a +0 robe (worn)
 j - a +0 cloak (worn)
 y - a +0 hat of intelligence (worn)
 A - the +2 hat of the Northern Lights {Contam rN+ Regen+}
   (You found it on level 6 of the Dungeon)

   rN:        It protects you from negative energy.
   Contam:    It causes magical contamination when unequipped.
   Regen:     It increases your rate of health regeneration.
Jewellery
 r - a ring of resist corrosion (left hand)
 u - a ring of willpower (right hand)
 w - an amulet of magic regeneration (around neck)
 x - an amulet of reflection
Wands
 q - a wand of flame (4)
 D - a wand of iceblast (9)
Scrolls
 d - a scroll of silence
 g - a scroll of acquirement
 i - 7 scrolls of teleportation
 s - 2 scrolls of identify
 v - a scroll of enchant weapon
 z - 2 scrolls of vulnerability
 G - a scroll of enchant armour {unknown}
Potions
 b - 4 potions of magic
 e - 2 potions of might
 h - 4 potions of curing
 l - 5 potions of heal wounds {unknown}
 m - 2 potions of berserk rage {unknown}
 n - 6 potions of degeneration {unknown}
 t - a potion of brilliance {unknown}
 B - a potion of flight {unknown}
 E - a potion of attraction {unknown}
 F - a potion of lignification {unknown}


   Skills:
 - Level 3.8 Fighting
 - Level 0.6 Short Blades
 - Level 3.4 Dodging
 - Level 4.8 Stealth
 - Level 3.9 Spellcasting
 - Level 6.0 Conjurations
 + Level 7.1 Summonings
 + Level 3.5 Ice Magic


You had 5 spell levels left.
You knew the following spells:

 Your Spells              Type           Power      Damage    Failure   Level
a - Magic Dart            Conj           100%       1d8       1%          1
b - Searing Ray           Conj           74%        2d7       1%          2
c - Dazzling Flash        Conj/Hex       42%        N/A       7%          3
d - Summon Ice Beast      Ice/Summ       34%        N/A       9%          4

Your spell library contained the following spells:

 Spells                   Type           Power      Damage    Failure   Level
 Freeze                   Ice            96%        1d10      1%          1
 Necrotise                Necr           20%        1d5       9%          1
 Poisonous Vapours        Pois/Air       10%        N/A       12%         2
 Fulminant Prism          Conj/Hex       10%        3d9       22%         4
 Iskenderun's Mystic Bla  Conj/Tloc      21%        2d6       22%         4
 Vampiric Draining        Necr           5%         2d6       24%         3
 Summon Mana Viper        Hex/Summ       24%        N/A       45%         5
 Anguish                  Hex/Necr       2%         N/A       63%         4
 Cause Fear               Hex            2%         N/A       63%         4
 Dispel Undead            Necr           5%         3d7       63%         4
 Olgreb's Toxic Radiance  Pois           5%         N/A       63%         4
 Agony                    Necr           5%         N/A       92%         5
 Monstrous Menagerie      Summ           22%        N/A       98%         7
 Simulacrum               Ice/Necr       7%         N/A       99%         6
 Enfeeble                 Hex            2%         N/A       100%        7
 Ozocubu's Refrigeration  Ice            12%        4d10      100%        7
 Polar Vortex             Ice            12%        N/A       100%        9
 Cigotuvi's Dreadful Rot  Necr/Pois/Air  Unusable   N/A       N/A         2

Dungeon Overview and Level Annotations

Branches:
Dungeon (9/15)             Temple (1/1) D:6
   Lair: D:8-11         Orc: D:9-12

Altars:
Ashenzari
Cheibriados
Dithmenos
Fedhas
Gozag
Makhleb
Nemelex Xobeh
Okawaru
Ru
Trog
Vehumet
Xom
Zin

Shops:
D:5 **


Innate Abilities, Weirdness & Mutations

You are immune to sickness and miasma.
Your stone body is resilient. (AC +6)
You are immune to poison.
You resist negative energy. (rN+)
You are resistant to electric shocks. (rElec)
You are resistant to unholy torment.
You are immune to petrification.
Your large and strong wings let you fly.
You have a pair of small horns on your head.


Message History

The orc attacks as you move away! The orc misses you.
You see here a +0 cloak.
The orc attacks as you move away! The orc closely misses you.
There is a stone staircase leading up here.
The orc hits you but does no damage.
The orc warrior hits you from afar with a +0 glaive!
You fly upwards.
The troll bites you but does no damage. The troll closely misses you.
The troll claws you.
There is a stone staircase leading down here.
The troll attacks as you move away! The troll bites you but does no damage.
The troll closely misses you. The troll claws you.
The orc attacks as you move away! The orc hits you but does no damage.
The troll attacks as you move away! The troll closely misses you.
The troll claws you. The troll claws you but does no damage.
Casting: Searing Ray (safe; 1% risk of failure)
Confirm with . or Enter, or press ? or * to list all spells.
Aiming: Searing Ray (safe; 1% risk of failure)
Press: ? - help, Shift-Dir - straight line, f - troll
Aim: a troll (81% to hit)
The searing ray hits the troll.
The troll is lightly wounded.
The searing ray hits the orc!
You kill the orc!
Vehumet accepts your kill. (Press . to maintain the ray.)
The troll bites you.
* * * LOW HITPOINT WARNING * * *
The troll claws you.
* * * LOW HITPOINT WARNING * * *
The troll claws you!
* * * LOW HITPOINT WARNING * * *
You feel better. The troll barely misses you. The troll closely misses you.
The troll claws you.
* * * LOW HITPOINT WARNING * * *
Okay, then.
You feel better. The troll closely misses you. The troll barely misses you.
The troll claws you!
* * * LOW HITPOINT WARNING * * *
You feel yourself speed up. The troll bites you!
You die...

#. #.# #.# #.#
#..##.######.####.#
..................#
##..################
...# #..# #..# #..#
#. #.@# #. #.T######
#.##.)>....###
#...).........
##.....###.##.
#.....# # #.....#
##...## ##.##


You could see a troll.

Vanquished Creatures
  An acid dragon (D:8)
  3 ogres
  A centaur (D:7)
  A phantom (D:6)
  A gnoll sergeant (D:8)
  3 scorpions
  3 bullfrogs
  7 wights (D:7)
  6 howler monkeys
  2 jellies
  2 orc priests
  A gnoll bouda (D:7)
  A hound (D:5)
  3 sleepcaps (D:5)
  4 iguanas
  4 orc wizards
  6 gnolls
  6 adders
  A shadow imp (D:6)
  A white imp (D:7)
  An ufetubus (D:6)
  3 worms
  2 dart slugs (D:3)
  32 orcs
  2 bats (D:2)
  6 endoplasms
  2 giant cockroaches
  A goblin (D:4)
  4 hobgoblins
  4 jackals (D:2)
  2 quokkas
  7 ball pythons
  2 frilled lizards
  9 kobolds
  10 rats
144 creatures vanquished.

Notes
Turn   | Place    | Note
-------+----------+-------------------------------------------
     0 | D:1      | Arctor the Gargoyle Conjurer began the quest for the Orb.
     0 | D:1      | Reached XP level 1. HP: 10/10 MP: 3/3
   266 | D:1      | Reached XP level 2. HP: 14/16 MP: 0/5
   509 | D:1      | You fall into a shaft and drop 1 floor!
   611 | D:2      | Got the Quarto of Ghastly Venom
   811 | D:2      | Reached skill level 1 in Fighting
   829 | D:2      | Reached XP level 3. HP: 11/20 MP: 0/6
  1672 | D:3      | Identified a scroll of acquirement
  1699 | D:3      | Reached XP level 4. HP: 25/25 MP: 4/7
  1702 | D:3      | Learned a level 2 spell: Searing Ray
  1706 | D:3      | Learned a level 3 spell: Dazzling Flash
  2181 | D:3      | Noticed a scorpion
  2199 | D:4      | Noticed a scorpion
  2263 | D:3      | Killed a scorpion
  2264 | D:3      | Reached skill level 5 in Conjurations
  2264 | D:3      | Reached XP level 5. HP: 3/30 MP: 0/9
  3741 | D:5      | Entered Level 5 of the Dungeon
  3907 | D:5      | Reached XP level 6. HP: 9/36 MP: 4/10
  4029 | D:5      | Identified the +0 ring mail "Qibic" {-Tele rC++ MP+9}
  4170 | D:5      | Reached XP level 7. HP: 39/41 MP: 6/12
  4254 | D:5      | Gained mutation: Your large and strong wings let you fly.
                  | [potion of mutation]
  4254 | D:5      | Gained mutation: You have a pair of small horns on your
                  | head. [potion of mutation]
  4339 | D:5      | Found Fiekk's General Store.
  4341 | D:5      | Found Wyg Col's Specific Store.
  4934 | D:6      | Identified the +2 hat of the Northern Lights {Contam rN+
                  | Regen+}
  4969 | D:6      | Learned a level 4 spell: Summon Ice Beast
  5061 | D:6      | Reached skill level 1 in Summonings
  5067 | D:6      | Reached skill level 2 in Summonings
  5067 | D:6      | Reached XP level 8. HP: 46/48 MP: 7/13
  5131 | D:6      | Found a staircase to the Ecumenical Temple.
  5171 | Temple   | Entered the Ecumenical Temple
  5320 | Temple   | Became a worshipper of Vehumet
  5521 | D:6      | Reached skill level 3 in Summonings
  5852 | D:7      | Reached skill level 4 in Summonings
  6286 | D:7      | Reached skill level 5 in Summonings
  6473 | D:7      | Reached skill level 6 in Summonings
  7549 | D:8      | Noticed a troll
  7642 | D:7      | Reached skill level 1 in Ice Magic
  7642 | D:7      | Reached XP level 9. HP: 37/52 MP: 9/14
  8270 | D:8      | Reached * piety under Vehumet
  8270 | D:8      | Offered knowledge of Freeze by Vehumet.
  8509 | D:8      | Reached skill level 7 in Summonings
  8592 | D:8      | HP: 2/52 [troll (7)]
  8595 | D:8      | Mangled by a troll

Illustrated notes

Levels and vault maps discovered:
D:1:      dpeg_arrival_rooms_c, layout_loops_ring
D:2:      minmay_recursive_quarters, layout_loops_ring
D:3:      layout_rooms, grunt_ministairs_14
D:4:      layout_basic, minmay_misc_feat_cross
D:5:      layout_basic, nicolae_specific_store, hellmonk_no_cap
D:6:      layout_loops_ring, minmay_temple_entry_mist
D:7:      nicolae_BIG_FREAKIN_CUBE, layout_basic, roderic_roman_lattice
D:8:      layout_loops_ring
D:9:      layout_roguey, general_overflow_altar
Temple:   roderic_octagonal_lattice_temple

Skill      XL: |  1  2  3  4  5  6  7  8  9 |
---------------+----------------------------+-----
Fighting       | 1 2 3 |  3.8
Dodging        | 2 3 |  3.4
Stealth        | 3 4 |  4.8
Conjurations   | 5 6 |  6.0
Spellcasting   | 3 |  3.9
Summonings     | 2 6 7 |  7.1
Ice Magic      | 1 3 |  3.5
Short Blades   | |  0.6

Action                     |  1- 3 |  4- 6 |  7- 9 || total
---------------------------+-------+-------+-------++-------
  Melee: Dagger            |    83 |    56 |     6 ||   145
         Headbutt          |       |       |     5 ||     5
         Short sword       |       |       |    21 ||    21
   Cast: Magic Dart        |    60 |   140 |   155 ||   355
         Searing Ray       |       |     2 |    44 ||    46
    Use: Scroll            |     1 |     2 |     7 ||    10
         Potion            |       |     4 |     4 ||     8
   Stab: Sleeping          |     1 |       |       ||     1
 Armour: Robe              |    56 |    23 |    45 ||   124
  Dodge: Dodged            |    62 |    64 |    84 ||   210
  Block: Other             |       |       |     3 ||     3
